 Dungeon Crawl Stone Soup version 0.28-a0-8-g6e044cfa68 (webtiles) character file.

Game seed: 248877631640394963

14657 robertstho the Cleaver (level 11, -16/159 HPs)
             Began as a Minotaur Berserker on July 23, 2021.
             Was a High Priest of Trog.
             Demolished by Urug (32 damage)
             ... on level 10 of the Dungeon.
             The game lasted 00:15:14 (12337 turns).

robertstho the Cleaver (Minotaur Berserker)        Turns: 12337, Time: 00:15:15

Health: -16/159    AC: 15    Str: 27    XL:     11   Next: 91%
Magic:  19/19      EV: 10    Int:  2    God:    Trog [*****.]
Gold:   1183       SH:  0    Dex: 11    Spells: 10/10 levels left

rFire   . . .      SeeInvis .   F - +5 executioner's axe (vamp)
rCold   + . .      Faith    .   (shield currently unavailable)
rNeg    . . .      Spirit   .   y - +1 chain mail "Nyunofil" {rElec MP+9 Str+4 Int-3}
rPois   .          Reflect  .   (helmet restricted)
rElec   +          Harm     .   f - scarf {+Inv}
rCorr   .          Rampage  .   b - +0 pair of gloves
Will    .....                   (no boots)
Stlth   ..........              (no amulet)
HPRegen 0.36/turn               s - ring of protection from cold
MPRegen 0.16/turn               (no ring)

@: berserking, very quick
A: horns 2, retaliatory headbutt
a: Renounce Religion, Evoke Invisibility, Berserk, Trog's Hand, Brothers in Arms


You were on level 10 of the Dungeon.
You worshipped Trog.
Trog was extremely pleased with you.
You visited 1 branch of the dungeon, and saw 10 of its levels.
You also visited: Bailey.

You collected 1365 gold pieces.
You spent 182 gold pieces at shops.

Inventory:

Hand Weapons
 c - a +3 broad axe of electrocution
 h - the +4 battleaxe "Bicro" {venom, Str+2}
   (You acquired it on level 8 of the Dungeon)

   It poisons the flesh of those it strikes.
   Str:       It affects your strength (+2).
 k - a +0 broad axe
 F - a +5 vampiric executioner's axe (weapon)
Missiles
 x - 4 throwing nets (quivered)
 E - a curare-tipped dart
Armour
 b - a +0 pair of gloves (worn)
 f - a scarf of invisibility (worn)
 y - the +1 chain mail "Nyunofil" (worn) {rElec MP+9 Str+4 Int-3}
   (You found it in a bailey)

   Str:       It affects your strength (+4).
   Int:       It affects your intelligence (-3).
   rElec:     It insulates you from electricity.
   MP:        It affects your magic capacity (+9).
Jewellery
 s - a ring of protection from cold (left hand)
 C - a +4 ring of evasion
 D - a +4 ring of evasion
Wands
 a - a wand of flame (68)
Scrolls
 d - a scroll of enchant armour
 e - a scroll of fear
 j - a scroll of immolation
 r - 2 scrolls of enchant weapon
 v - a scroll of magic mapping
 w - a scroll of teleportation
 A - 4 scrolls of identify
Potions
 g - a potion of mutation {unknown}
 i - 2 potions of lignification {unknown}
 l - 3 potions of curing
 m - 2 potions of might
 n - 2 potions of heal wounds
 o - 2 potions of brilliance {unknown}
 p - 3 potions of haste {unknown}
 q - 2 potions of berserk rage {unknown}
 t - a potion of invisibility
 z - 2 potions of resistance {unknown}
 B - a potion of flight {unknown}


   Skills:
 * Level 12.8 Fighting
 + Level 13.7 Axes
 * Level 12.5 Armour
 + Level 4.4 Dodging
 + Level 2.1 Stealth
 + Level 1.1 Evocations


You had 10 spell levels left.
You didn't know any spells.
Your spell library was empty.

Dungeon Overview and Level Annotations

Branches:
Dungeon (10/15)            Temple (0/1) D:4             Orc (0/2) D:9
 Bailey (visited)
   Lair: D:8-11

Altars:
Ashenzari
Cheibriados
Gozag
Hepliaklqana
Kikubaaqudgha
Sif Muna
Uskayaw
Wu Jian

Shops:
D:1 (?(   D:2 !

Annotations:
D:7 2 transporters, Demosthentine's ghost, novice MfGl
D:10 Urug


Innate Abilities, Weirdness & Mutations

You have a pair of horns on your head.
You reflexively headbutt those who attack you in melee.


Message History

A centaur is nearby!
Urug the Orcish Ballista comes into view.
She is wielding a +1 eveningstar of protection.
Urug shouts!
The centaur shoots an arrow.
The arrow hits you but does no damage.
The centaur shoots an arrow.
The arrow hits you.
There is an open door here.
The centaur shoots an arrow.
The arrow hits you.
The centaur shoots an arrow.
The arrow hits you but does no damage.
You slash Urug! Your headbutt misses Urug.
Urug is moderately wounded.
The centaur shoots an arrow.
The arrow closely misses you. Urug completely misses you.
You furiously retaliate!
You headbutt Urug.
The centaur shoots an arrow.
The arrow hits you!
You slice Urug!! You headbutt Urug!
Urug is severely wounded.
The centaur shoots an arrow.
The arrow hits you but does no damage.
Urug drinks a potion.
Urug seems to grow stronger.
The centaur shoots an arrow.
The arrow hits you but does no damage.
You slice Urug!!
You feel better.
Urug is almost dead.
The centaur shoots an arrow.
The arrow hits you but does no damage.
Urug hits you with a +1 eveningstar of protection!
Urug hits you with a +1 eveningstar of protection!!
The centaur shoots an arrow.
The arrow hits you.
You hit Urug but do no damage.
Urug is almost dead.
Urug hits you with a +1 eveningstar of protection!!
The centaur shoots an arrow.
The arrow barely misses you.
You are too injured to fight recklessly!
You are too injured to fight recklessly!
A red film seems to cover your vision as you go berserk!
You feel yourself moving faster!
You feel mighty!
The centaur shoots an arrow.
The arrow barely misses you.
Urug hits you with a +1 eveningstar of protection!!!
* * * LOW HITPOINT WARNING * * *
You barely miss Urug.
Urug is almost dead.
The centaur shoots an arrow.
The arrow closely misses you.
Urug hits you with a +1 eveningstar of protection!!
You die...

#.# #####.##### ####
#.........# ...
#.....###.#
######'###..##.###.#
.........#..#...##.###
........'....._......# #
........##.##...#..#.# #
.......@##.###.##..#.###
....c..o##.###.....#'...
........##..(......#####
........######.#####
........# +.# #
........# ... #
####.#### # .. ## ###.


You could see Urug (strong) and a centaur.

Vanquished Creatures
  Harold (D:8)
  4 two-headed ogres
  A centaur warrior (D:8)
  Pikel (D:7)
  An orc knight (Bailey)
  An orc sorcerer (Bailey)
  A cyclops (D:8)
  5 kobold demonologists
  A hornet (D:9)
  Sigmund (D:4)
  2 wyverns
  7 yaks
  4 vampire mosquitoes (D:10)
  2 steam dragons
  4 wargs (D:9)
  3 water moccasins
  Duvessa (D:5)
  10 orc warriors
  2 sky beasts
  2 ogres
  2 ice beasts (D:7)
  7 centaurs
  A phantom (D:4)
  A lemure (D:7)
  Blork the orc (D:5)
  3 kobold brigands (D:10)
  3 bullfrogs
  A gnoll sergeant (D:9)
  A scorpion (D:7)
  Dowan (D:5)
  4 killer bees (D:9)
  3 howler monkeys
  4 electric eels (Bailey)
  2 bullfrog zombies
  2 hounds
  A jelly (D:6)
  A centaur skeleton (D:4)
  3 centaur zombies
  A gnoll shaman (D:7)
  5 orc priests
  4 iguanas
  17 orc wizards
  A killer bee zombie (D:8)
  2 hound skeletons
  2 howler monkey zombies
  17 gnolls
  6 adders
  A white imp (D:7)
  2 adder skeletons
  A worm (D:2)
  A dart slug (D:4)
  43 orcs
  5 bats
  3 bat zombies (D:9)
  11 endoplasms
  3 giant cockroaches
  12 goblins
  19 hobgoblins
  3 quokkas
  2 ball pythons
  8 frilled lizards
  9 kobolds
  6 rats
  A rat zombie (D:9)
280 creatures vanquished.

Vanquished Creatures (others)
  A hobgoblin (D:4)
  19 fungi (D:4)
20 creatures vanquished.

Grand Total: 300 creatures vanquished

Notes
Turn   | Place    | Note
-------+----------+-------------------------------------------
     0 | D:1      | robertstho the Minotaur Berserker began the quest for the
                  | Orb.
     0 | D:1      | Reached XP level 1. HP: 19/19 MP: 0/0
   175 | D:1      | Reached skill level 4 in Axes
   175 | D:1      | Reached XP level 2. HP: 27/27 MP: 1/1
   227 | D:1      | Found Quetop's Magic Scroll Shop.
   230 | D:1      | Bought a scroll of noise for 12 gold pieces
   242 | D:1      | Found Belon's Weapon Shop.
   457 | D:1      | Found Juycvaul's Weapon Emporium.
  1016 | D:2      | Reached XP level 3. HP: 34/34 MP: 2/2
  1244 | D:2      | Reached ** piety under Trog
  1408 | D:2      | Found Inusigoq's Distillery.
  1431 | D:2      | Bought a potion of degeneration for 10 gold pieces
  1431 | D:2      | Bought a potion of curing for 30 gold pieces
  1758 | D:2      | Reached XP level 4. HP: 41/41 MP: 3/3
  1852 | D:2      | Found a shimmering blue altar of Sif Muna.
  2237 | D:3      | Found a faded altar of an unknown god.
  2458 | D:3      | Found a broken altar of Ashenzari.
  2459 | D:3      | Found a hazy altar of Hepliaklqana.
  2549 | D:3      | Reached skill level 5 in Axes
  2800 | D:2      | Bought a potion of heal wounds for 50 gold pieces
  2800 | D:2      | Bought a potion of invisibility for 80 gold pieces
  2911 | D:4      | Reached skill level 5 in Fighting
  2911 | D:4      | Reached XP level 5. HP: 25/48 MP: 4/4
  3055 | D:4      | Found a staircase to the Ecumenical Temple.
  3284 | D:4      | Found a large runed translucent door.
  3284 | D:4      | Noticed a sky beast
  3285 | D:4      | Found a large runed translucent door.
  3297 | D:4      | Killed a sky beast
  3359 | D:4      | Reached XP level 6. HP: 27/49 MP: 2/5
  3362 | D:4      | Reached skill level 6 in Axes
  3617 | D:4      | Noticed Sigmund
  3623 | D:4      | Killed Sigmund
  3623 | D:4      | Reached *** piety under Trog
  3624 | D:4      | Reached skill level 1 in Stealth
  3629 | D:4      | Reached XP level 7. HP: 63/63 MP: 6/6
  4433 | D:4      | Found an opulent altar of Gozag.
  4440 | D:4      | Reached skill level 1 in Evocations
  4443 | D:4      | Found an ornate altar of the Wu Jian Council.
  4523 | D:5      | Entered Level 5 of the Dungeon
  4531 | D:5      | Reached skill level 7 in Axes
  4659 | D:5      | Found a shimmering blue altar of Sif Muna.
  4708 | D:5      | Noticed Duvessa
  4710 | D:5      | Noticed Dowan
  4717 | D:5      | Killed Duvessa
  4719 | D:5      | Killed Dowan
  5075 | D:5      | Reached skill level 5 in Armour
  5075 | D:5      | Reached XP level 8. HP: 45/73 MP: 7/7
  5407 | D:5      | Noticed Blork the orc
  5420 | D:5      | Killed Blork the orc
  5598 | D:5      | Reached skill level 8 in Axes
  6340 | D:6      | Reached **** piety under Trog
  6783 | D:7      | Reached skill level 9 in Axes
  6792 | D:7      | Reached XP level 9. HP: 82/82 MP: 8/8
  6988 | D:7      | Noticed a queen bee
  7010 | D:7      | Noticed Demosthentine's ghost (novice MfGl)
  7011 | D:7      | Found a transporter.
  7016 | D:7      | Found a transporter.
  7359 | D:7      | Reached skill level 10 in Axes
  7430 | D:7      | Noticed Pikel
  7439 | D:7      | Killed Pikel
  7749 | D:8      | Noticed Harold
  7758 | D:8      | Noticed a cyclops
  8141 | D:8      | Killed Harold
  8141 | D:8      | Killed a cyclops
  8142 | D:8      | Reached skill level 10 in Fighting
  8142 | D:8      | Reached skill level 11 in Axes
  8142 | D:8      | Reached XP level 10. HP: 34/93 MP: 9/9
  8152 | D:8      | Identified a scroll of acquirement
  8153 | D:8      | Acquired the +4 battleaxe "Bicro" {venom, Str+2}
  8162 | D:8      | Found a flagged portal.
  8173 | Bailey   | Entered a bailey
  8485 | Bailey   | Found an iron altar of Okawaru.
  8485 | Bailey   | Noticed an orc sorcerer
  8502 | Bailey   | Killed an orc sorcerer
  8670 | Bailey   | Reached skill level 10 in Armour
  8736 | Bailey   | Identified the +1 chain mail "Nyunofil" {rElec MP+9 Str+4
                  | Int-3}
  8854 | Bailey   | Noticed an orc knight
  8863 | Bailey   | Killed an orc knight
  8997 | Bailey   | Reached ***** piety under Trog
  9034 | Bailey   | Reached skill level 12 in Axes
  9191 | Bailey   | Acquired 685 gold pieces
  9535 | D:8      | Found a hide-covered altar of Uskayaw.
  9555 | D:8      | Noticed a centaur warrior
  9563 | D:8      | Killed a centaur warrior
  9586 | D:8      | Identified the +0 leather armour of the Shoals {+Inv rC-
                  | Int-2 Dex+7}
  9736 | D:8      | Reached XP level 11. HP: 76/102 MP: 10/10
 10851 | D:9      | Noticed a two-headed ogre
 10860 | D:9      | Killed a two-headed ogre
 10861 | D:9      | Reached skill level 13 in Axes
 10861 | D:9      | Found a staircase to the Orcish Mines.
 11095 | D:9      | Found an ancient bone altar of Kikubaaqudgha.
 11423 | D:10     | Entered Level 10 of the Dungeon
 11475 | D:10     | Noticed a two-headed ogre
 11480 | D:10     | Killed a two-headed ogre
 11817 | D:10     | Noticed a two-headed ogre
 11826 | D:10     | Killed a two-headed ogre
 12049 | D:10     | Noticed a two-headed ogre
 12053 | D:10     | Killed a two-headed ogre
 12209 | D:10     | Noticed a soul eater
 12233 | D:10     | Received a gift from Trog
 12302 | D:10     | Found a snail-covered altar of Cheibriados.
 12329 | D:10     | Noticed Urug
 12337 | D:10     | Demolished by Urug

Illustrated notes

Levels and vault maps discovered:
D:1:      eino_arrival_cavern_a, layout_basic, serial_shops, shop,
          nicolae_shop_behind_doors, shop, grunt_decor_mini_mirrors,
          roderic_roman_lattice
D:2:      layout_basic, basic_altar, serial_shops, shop
D:3:      layout_rooms, jmf_multi_god_temple, ebering_ecumenical_altar_abandoned
D:4:      layout_basic, jmf_multi_god_temple2, minmay_temple_entry_offerings,
          serial_aquarium, aquarium_bridge_long_separate
          [aquarium_subvault_window, aquarium_subvault_bridge,
          aquarium_subvault_window, aquarium_subvault_window,
          aquarium_subvault_bridge, aquarium_subvault_bridge],
          aquarium_bridge_square [aquarium_subvault_wall,
          aquarium_subvault_bridge, aquarium_subvault_wall,
          aquarium_subvault_bridge], aquarium_window_fake,
          aquarium_window_corner, aquarium_window_fake, aquarium_view_2d,
          aquarium_balcony_1b, uniq_sigmund
D:5:      layout_basic, mainiacjoe_overflow_tiny_flanked, st_stairs_14,
          uniq_blork_the_orc, uniq_duvessa
D:6:      layout_rooms, minivault_11, nicolae_water_bricks
D:7:      layout_basic, gammafunk_ghost_hive, minmay_misc_feat_cross,
          grunt_ministairs_13, uniq_pikel
D:8:      minmay_opposing_rooms, layout_rooms, eat_drink_and_be_merry_uskayaw,
          enter_bailey_4, hangedman_decor_slide_cut,
          chequers_hall_statues_wall_a, uniq_harold
D:9:      layout_loops_ring, lemuel_zombie_altar_kikubaaqudgha,
          minmay_orc_entry_guard_dogs, kennysheep_cross_room
D:10:     layout_roguey, nicolae_overflow_crystal_walls, uniq_urug

Skill      XL: |  1  2  3  4  5  6  7  8  9 10 11 |
---------------+----------------------------------+-----
Fighting       | 4 5 6 7 8 10 11 12 | 12.8
Axes           | 4 5 6 7 9 11 12 13 | 13.7
Armour         | 3 4 5 6 9 10 12 | 12.5
Dodging        | 3 4 |  4.4
Stealth        | 1 2 |  2.1
Evocations     | 1 |  1.1

Action                   |  1- 3 |  4- 6 |  7- 9 | 10-12 || total
-------------------------+-------+-------+-------+-------++-------
Melee: Hand axe          |    57 |    46 |       |       ||   103
       Headbutt          |     8 |    13 |    46 |    47 ||   114
       War axe           |       |     6 |       |       ||     6
       Broad axe         |       |    36 |   233 |       ||   269
       Battleaxe         |       |       |       |   247 ||   247
       Executioner's axe |       |       |       |     5 ||     5
Invok: Berserk           |     2 |     2 |    12 |     6 ||    22
       Trog's Hand       |       |     1 |     1 |     2 ||     4
 Abil: Evoke Invisibilit |       |     2 |       |       ||     2
  Use: Scroll            |     2 |     4 |     1 |     8 ||    15
       Potion            |       |       |     3 |       ||     3
 Stab: Sleeping          |     2 |       |       |       ||     2
       Invisible         |       |     2 |       |       ||     2
Armor: Animal skin       |    13 |    13 |    11 |       ||    37
       Chain mail        |       |       |   103 |   122 ||   225
Dodge: Dodged            |    38 |    44 |   115 |   122 ||   319

Table legend: (Time is in decaauts)
 A = Elapsed time spent in this place.
 B = Non-inter-level travel time spent in this place.
 C = Inter-level travel time spent in this place.
 D = Time resting spent in this place.
 E = Time spent auto-exploring this place.
 F = Levels seen in this place.
 G = Mean time per level.
                   A        B        C        D        E       F      G
               +--------+--------+--------+--------+--------+-----+--------+
         Total |  12604 |  12238 |    366 |   2160 |   8328 |  11 | 1145.8 |
       Dungeon |  11320 |  10954 |    366 |   1666 |   7804 |  10 | 1132.0 |
        Bailey |   1284 |   1284 |      0 |    493 |    524 |   1 | 1284.0 |
               +--------+--------+--------+--------+--------+-----+--------+

Top non-repeatable levels by time:
     D:7: 1729 daAuts
     D:4: 1725 daAuts
     D:5: 1451 daAuts
  Bailey: 1284 daAuts
     D:2: 1182 daAuts
     D:9: 1047 daAuts
     D:8: 1044 daAuts
     D:1: 1005 daAuts
    D:10: 930 daAuts
     D:3: 683 daAuts
     D:6: 520 daAuts
